 Dungeon Crawl Stone Soup version 0.23.0 (webtiles) character file.

Game seed: 4146956464367912365

408 MetaCosm the Cudgeler (level 6, 0/42 HPs)
             Began as a Gargoyle Fighter on Feb 17, 2019.
             Slain by Prince Ribbit (13 damage)
             ... on level 5 of the Dungeon.
             The game lasted 00:04:14 (4182 turns).

MetaCosm the Cudgeler (Gargoyle Fighter)            Turns: 4182, Time: 00:04:15

Health: 0/42       AC: 11    Str: 21 (22) XL:     6   Next: 88%
Magic:  6/6        EV: 12    Int:  5 (8)  God:
Gold:   167        SH: 10    Dex: 11 (14) Spells: 5/5 levels left

rFire    + . .     SeeInvis .   a - +0 flail
rCold    + . .     Gourm    .   c - +0 shield
rNeg     + . .     Faith    .   b - +0 scale mail
rPois    ∞         Spirit   .   (no helmet)
rElec    +         Reflect  .   (no cloak)
rCorr    +         Harm     .   (no gloves)
MR       .....     Rnd*Rage +   (no boots)
Stlth    +.........             (no amulet)
HPRegen  0.14/turn              (no ring)
MPRegen  0.10/turn              (no ring)

@: agile, resistant, flying, very slightly contaminated, invisible
A: berserk 1, negative energy resistance 1, robust 1, electricity resistance,
wild magic 1, unbreathing, petrification resistance, rot immunity, AC +4
a: no special abilities


You were on level 5 of the Dungeon.
You were not hungry.

You visited 1 branch of the dungeon, and saw 5 of its levels.

You collected 167 gold pieces.


Innate Abilities, Weirdness & Mutations

You are resistant to torment.
Your stone body is resilient. (AC +4)
You are immune to poison.
You resist negative energy. (rN+)
You are resistant to electric shocks. (rElec)
You can survive without breathing.
You are immune to petrification.
You are immune to rotting.
You tend to lose your temper in combat.
You are robust. (+10% HP)
Your spells are a little harder to cast, but a little more powerful.


   Skills:
 + Level 4.6 Fighting
 * Level 4.7 Maces & Flails
 + Level 4.6 Armour
 + Level 4.6 Shields


You had 5 spell levels left.
You didn't know any spells.
Your spell library was empty.

Dungeon Overview and Level Annotations

Branches:
Dungeon (5/15)             Temple (0/1) D:4

Altars:
Gozag
Ru
Vehumet
Yredelemnul

Annotations:
D:5 Prince Ribbit, Sigmund

Inventory:

Hand Weapons
 a - a +0 flail (weapon)
 v - a +1 spear of piercing
   (You found it on level 3 of the Dungeon)
Missiles
 o - 40 bolts
Armour
 b - a +0 scale mail (worn)
 c - a +0 shield (worn)
Wands
 r - a wand of random effects (24)
   (You took it off Ijyb on level 3 of the Dungeon)
 s - a wand of disintegration (12)
   (You found it on level 3 of the Dungeon)
 x - a wand of flame (14)
   (You found it on level 4 of the Dungeon)
Scrolls
 k - a scroll of fog
 m - 4 scrolls of remove curse {@r2@r2@r2}
 t - 2 scrolls of identify {@r1@r1@r1}
 y - a scroll of amnesia {unknown}
Potions
 l - a potion of invisibility
 n - 2 potions of curing {@q1@q1@q1}
 u - a potion of magic
 z - a potion of brilliance
Comestibles
 f - 4 rations

Action                   |  1- 3 |  4- 6 || total
-------------------------+-------+-------++-------
Melee: Flail             |   135 |   196 ||   331
  Use: Potion            |       |    13 ||    13
       Scroll            |       |     5 ||     5
 Stab: Invisible         |       |     1 ||     1
  Eat: Chunk             |     1 |     8 ||     9
       Ration            |       |     1 ||     1
Armor: Scale mail        |    67 |   140 ||   207
Dodge: Dodged            |    45 |    86 ||   131
Block: Shield            |    62 |   103 ||   165
#.#### .....## . ......# .. #.....# ...## ##..#..# ..... ...... #..###..# ...#..F.<@.#... .......@......... ####..######...## .... .... #### ..# .# #


Message History

Health restored: 39 Unknown command.
You eat one of the 5 rations.
That ration really hit the spot!
There is a stone staircase leading down here.
It was a potion of heal wounds.
You feel much better.
It was a potion of lignification.
You turn into a tree.
Your +0 scale mail melds into your body.
Your roots penetrate the ground.
You now have 58/58 hp.
It was a potion of brilliance.
You feel clever all of a sudden.
It was a potion of cancellation.
Your magical effects are unravelling.
You feel magically purged.
You feel less wooden.
Your +0 scale mail unmelds from your body.
You feel a little less clever now.
You now have 39/39 hp.
It was a potion of degeneration.
There was something very wrong with that liquid.
You feel weakened.
You feel dopey.
You feel clumsy.
It was a potion of mutation.
You feel extremely strange.
You feel a little pissed off.
You feel robust.
You feel less in control of your magic.
It was a potion of flight.
You feel very buoyant.
You fly up into the air.
It was a potion of agility.
You feel agile all of a sudden.
It was a potion of resistance.
You feel protected.
It was a potion of invisibility.
You fade into invisibility!
You are very lightly contaminated with residual magic.
It was a potion of magic.
Magic courses through your body.
Unknown command.
You fly downwards.
Level annotation: Prince Ribbit, Sigmund Prince Ribbit croaks regally.
You block Prince Ribbit's attack. x2
There is a stone staircase leading up here.
You catch the helpless Prince Ribbit completely off-guard!
You sock Prince Ribbit!
Sigmund is suddenly surrounded by pale red light.
Prince Ribbit hits you!
You take 14 damage, and have 26/42 hp.
MASSIVE DAMAGE!!
You hit Prince Ribbit. Prince Ribbit closely misses you.
Sigmund says, "Your kind have come here before.
I understand now why.
You desire death..."
You hit Prince Ribbit. Prince Ribbit closely misses you.
Sigmund points at you and mumbles some strange words.
The puff of flame hits you. You resist. Prince Ribbit completely misses you.
You take 1 damage, and have 26/42 hp.
You miss Prince Ribbit. Prince Ribbit hits you!
* * * LOW HITPOINT WARNING * * *
Sigmund closely misses you. Prince Ribbit closely misses you.
You take 8 damage, and have 18/42 hp.
Unknown command.
Your shield and scale mail prevent you from hitting Prince Ribbit.
You block Prince Ribbit's attack. Sigmund casts a spell at you.
The magic dart hits you but does no damage.
You closely miss Prince Ribbit. Prince Ribbit misses you.
You block Sigmund's attack.
Prince Ribbit hits you but does no damage.
You closely miss Prince Ribbit. Prince Ribbit closely misses you.
Sigmund points at you and mumbles some strange words.
The magic dart hits you.
* * * LOW HITPOINT WARNING * * *
Prince Ribbit closely misses you.
You take 6 damage, and have 12/42 hp.
You miss Prince Ribbit. Prince Ribbit hits you!
You die...

Vanquished Creatures
  A scorpion (D:4)
  An orc priest (D:4)
  Ijyb (D:3)
  Natasha (thrice) (D:2)
  An orc wizard (D:4)
  3 worker ants (D:4)
  5 adders
  An ooze (D:2)
  2 worms (D:2)
  2 dart slugs (D:2)
  3 leopard geckos
  3 orcs (D:4)
  7 bats
  3 giant cockroaches
  7 goblins
  10 hobgoblins
  A jackal (D:3)
  A quokka (D:3)
  6 frilled lizards
  10 kobolds
  A quokka zombie (D:3)
  10 rats
82 creatures vanquished. You could see Prince Ribbit and Sigmund.

Table legend:
 A = Turns spent in this place as a percentage of turns spent in the entire game.
 B = Non-inter-level travel turns spent in this place as a percentage of non-inter-level travel turns spent in the entire game.
 C = Inter-level travel turns spent in this place as a percentage of turns spent in this place.
 D = Turns resting spent in this place as a percentage of non-inter-level travel turns spent in this place.
 E = Turns spent auto-exploring this place as a percentage of non-inter-level travel turns spent in this place.
 F = Non-inter-level travel turns spent in this place divided by the number of levels of this place that you've seen.
                   A       B       C       D       E      F
               +-------+-------+-------+-------+-------+----------------------
         Total | 100.0 | 100.0 |   2.0 |   3.7 |  80.1 | 819.6
       Dungeon | 100.0 | 100.0 |   2.0 |   3.7 |  80.1 | 819.6
               +-------+-------+-------+-------+-------+----------------------

Table legend:
 A = Kills in this place as a percentage of kills in entire the game.
 B = Kills by you in this place as a percentage of kills by you in the entire game.
 C = Kills by friends in this place as a percentage of kills by friends in the entire game.
 D = Other kills in this place as a percentage of other kills in the entire game.
 E = Experience gained in this place as a percentage of experience gained in the entire game.
 F = Experience gained in this place divided by the number of levels of this place that you have seen.
                   A       B       C       D       E      F
               +-------+-------+-------+-------+-------+----------------------
         Total | 100.0 | 100.0 |   N/A |   N/A | 100.0 | 116.8
       Dungeon | 100.0 | 100.0 |   N/A |   N/A | 100.0 | 116.8
               +-------+-------+-------+-------+-------+----------------------

Notes
Turn   | Place    | Note
-------+----------+-------------------------------------------
     0 | D:1      | MetaCosm the Gargoyle Fighter began the quest for the Orb.
     0 | D:1      | Reached XP level 1. HP: 14/14 MP: 1/1
   242 | D:1      | Reached XP level 2. HP: 15/19 MP: 2/2
   769 | D:1      | Reached XP level 3. HP: 23/23 MP: 3/3
  1134 | D:2      | Found a sacrificial altar of Ru.
  1285 | D:2      | Noticed Natasha
  1298 | D:2      | Killed Natasha
  1298 | D:2      | Reached skill level 3 in Maces & Flails
  1298 | D:2      | Reached XP level 4. HP: 20/29 MP: 4/4
  1407 | D:2      | Found an opulent altar of Gozag.
  1452 | D:2      | Noticed Natasha
  1463 | D:2      | HP: 6/29 [shadow imp[Natasha] (2)]
  1464 | D:2      | Killed Natasha
  1466 | D:2      | HP: 1/29 [ooze (3)]
  1514 | D:2      | Noticed Natasha
  1518 | D:2      | HP: 5/29 [Natasha (1)]
  1519 | D:2      | Killed Natasha
  1519 | D:2      | Reached skill level 4 in Fighting
  1519 | D:2      | Reached skill level 4 in Armour
  1519 | D:2      | Reached skill level 4 in Shields
  1519 | D:2      | Reached XP level 5. HP: 6/33 MP: 5/5
  2158 | D:3      | Found a radiant altar of Vehumet.
  2232 | D:3      | Noticed Ijyb
  2254 | D:3      | Killed Ijyb
  2756 | D:4      | Reached skill level 4 in Maces & Flails
  2756 | D:4      | Reached XP level 6. HP: 37/38 MP: 6/6
  3030 | D:4      | Found a staircase to the Ecumenical Temple.
  3619 | D:4      | Found a basalt altar of Yredelemnul.
  3992 | D:5      | Entered Level 5 of the Dungeon
  3992 | D:5      | Noticed Prince Ribbit
  3995 | D:5      | Noticed Sigmund
  4166 | D:4      | Gained mutation: You tend to lose your temper in combat.
                  | [potion of mutation]
  4166 | D:4      | Gained mutation: You are robust. (+10% HP) [potion of
                  | mutation]
  4166 | D:4      | Gained mutation: Your spells are a little harder to cast,
                  | but a little more powerful. [potion of mutation]
  4182 | D:5      | Slain by Prince Ribbit

Levels and vault maps discovered:
D:1:      denvon_arrival_planthouse, layout_basic
D:2:      layout_basic, lemuel_doored_altar, overflow_temple_1_default,
          first_ration, uniq_natasha
D:3:      minmay_spotlight, layout_rooms, overflow_temple_1_default, uniq_ijyb
D:4:      layout_layer_cave, kennysheep_mini_moat, temple_pool_b,
          kennysheep_generic_room_9
D:5:      layout_loops_ring, old_standard_altar,
          nemelex_xobeh_ov_fountains_minmay, gammafunk_temple_overflow_elements,
          kennysheep_little_box, hellmonk_ghost_happy_afterlife,
          minmay_tree_intersection, uniq_prince_ribbit1, uniq_sigmund,
          uniq_grinder
